 Dungeon Crawl Stone Soup version 0.29.1-14-g9c671dbff4 (webtiles) character file.

Game seed: 9268145955676191352

137 cdecastro the Chopper (level 5, -1/45 HPs)
             Began as a Hill Orc Fighter on Feb 14, 2023.
             Was an Initiate of Hepliaklqana.
             Succumbed to a water moccasin's poison
             ... on level 3 of the Dungeon.
             The game lasted 00:02:04 (1469 turns).

cdecastro the Chopper (Hill Orc Fighter)            Turns: 1469, Time: 00:02:05

Health: -1/45      AC:  6    Str: 21    XL:     5   Next: 20%
Magic:  5/5        EV:  9    Int:  8    God:    Hepliaklqana [......]
Gold:   95         SH:  0    Dex: 10    Spells: 4/4 levels left

rFire   . . .      SeeInvis .   a - +0 war axe
rCold   . . .      Faith    .   (no shield)
rNeg    . . .      Spirit   .   b - +0 scale mail
rPois   .          Reflect  .   (no helmet)
rElec   .          Harm     .   (no cloak)
rCorr   .          Rampage  .   (no gloves)
Will    .....                   (no boots)
Stlth   ..........              (no amulet)
HPRegen 0.15/turn               (no ring)
MPRegen 0.09/turn               (no ring)

@: mighty, lethally poisoned (-1 -> -19)
A: no striking features
a: Renounce Religion


You were on level 3 of the Dungeon.
You worshipped Hepliaklqana.
Hepliaklqana was noncommittal.
You visited 1 branch of the dungeon, and saw 3 of its levels.

You collected 95 gold pieces.

Inventory:

Hand Weapons
 a - a +0 war axe (weapon)
Missiles
 e - 11 poisoned darts (quivered)
 n - 5 boomerangs of dispersal
Armour
 b - a +0 scale mail (worn)
 c - a +0 buckler
 l - a +0 pair of gloves
Wands
 q - a wand of flame (22)
Scrolls
 f - 4 scrolls of identify {unknown}
 j - a scroll of fear {unknown}
 m - a scroll of immolation {unknown}
 p - 2 scrolls of enchant armour {unknown}
 r - a scroll of blinking {unknown}
Potions
 g - a potion of ambrosia {unknown}
 h - a potion of curing {unknown}
 i - a potion of berserk rage {unknown}
 k - 4 potions of brilliance {unknown}
 o - a potion of invisibility {unknown}


   Skills:
 - Level 3.6 Fighting
 + Level 6.9 Axes
 - Level 3.2 Armour
 - Level 3.2 Shields


You had 4 spell levels left.
You didn't know any spells.
Your spell library contained the following spells:

 Spells                   Type           Power      Damage    Failure   Level
 Fireball                 Conj/Fire      0%         3d3       100%        5
 Starburst                Conj/Fire      0%         6d3       100%        6
 Ignition                 Fire           0%         3d3       100%        8


Dungeon Overview and Level Annotations

Branches:
Dungeon (3/15)

Altars:
Hepliaklqana


Message History

The ball python constricts you.
You hit the ball python.
You kill the ball python!
e - 11 poisoned darts (gained 2);
r - a scroll labelled FOIDWI GUCSOJE You see here a +0 whip.
Items here: ( )) [.
Okay, then.
Unknown command.
A water moccasin comes into view.
A water moccasin is nearby!
A water moccasin is nearby!
A water moccasin is nearby!
A water moccasin is nearby!
The water moccasin hisses angrily.
You feel very mighty all of a sudden. The water moccasin bites you.
Unknown command.
You closely miss the water moccasin. The water moccasin bites you!
* * * LOW HITPOINT WARNING * * *
You are poisoned.
The water moccasin poisons you!
You hit the water moccasin.
The water moccasin is lightly wounded.
You feel very sick. The water moccasin bites you.
* * * LOW HITPOINT WARNING * * *
You are lethally poisoned!
The water moccasin poisons you! The water moccasin bites you.
* * * LOW HITPOINT WARNING * * *
You closely miss the water moccasin.
The water moccasin is lightly wounded.
* * * LOW HITPOINT WARNING * * *
You feel very sick. The water moccasin bites you.
* * * LOW HITPOINT WARNING * * *
The water moccasin barely misses you.
Unknown command.
You closely miss the water moccasin.
The water moccasin is lightly wounded.
You die...

#...##..##)# .##
##'###..##.# ....#
........##.##
.....##
........##..##
#......
........###..#
#?$..# #########
##.# ####.... #.#
#....#.. #.#
#$...#.#
######.###@...#.#
#......).!.S.).#.###
#..............)...#
#.............)#.#.#
#..............#.#
#..........##....#
#######....†.....#
#.........##
#........##


You could see a water moccasin.

Vanquished Creatures
  A howler monkey (D:3)
  Ijyb (D:3)
  An adder (D:2)
  2 worms (D:2)
  5 dart slugs
  5 ball pythons
  7 bats
  5 endoplasms
  2 giant cockroaches
  3 goblins (D:1)
  2 hobgoblins
  3 jackals (D:3)
  A quokka (D:1)
  2 frilled lizards (D:1)
  7 kobolds
  4 rats
  A spectral kobold (D:3)
52 creatures vanquished.

Notes
Turn   | Place    | Note
-------+----------+-------------------------------------------
     0 | D:1      | cdecastro the Hill Orc Fighter began the quest for the Orb.
     0 | D:1      | Reached XP level 1. HP: 19/19 MP: 1/1
    19 | D:1      | Reached skill level 3 in Axes
   140 | D:1      | Reached XP level 2. HP: 21/26 MP: 2/2
   254 | D:1      | Reached skill level 4 in Axes
   447 | D:1      | Reached XP level 3. HP: 29/31 MP: 3/3
   932 | D:2      | Reached skill level 5 in Axes
  1092 | D:2      | Reached XP level 4. HP: 39/39 MP: 4/4
  1216 | D:3      | Reached skill level 6 in Axes
  1303 | D:3      | Found a hazy altar of Hepliaklqana.
  1319 | D:3      | Became a worshipper of Hepliaklqana the Forgotten
  1423 | D:3      | Noticed Ijyb
  1436 | D:3      | Killed Ijyb
  1437 | D:3      | Reached XP level 5. HP: 29/45 MP: 5/5
  1459 | D:3      | Noticed a water moccasin
  1469 | D:3      | Succumbed to a water moccasin's poison

Illustrated notes

Levels and vault maps discovered:
D:1:      lightli_arrival_statuegarden, layout_basic, minmay_quantized
D:2:      layout_rooms
D:3:      layout_basic, mainiacjoe_overflow_tiny_flanked,
          nicolae_hepliaklqana_monster_ancestors, serial_shops,
          nicolae_shop_crystal, uniq_ijyb

Skill      XL: |  1  2  3  4 |
---------------+-------------+-----
Axes           | 3 4 5 6 |  6.9
Fighting       | |  3.6
Armour         | |  3.2
Shields        | |  3.2

Action                   |  1- 3 |  4- 6 || total
-------------------------+-------+-------++-------
Melee: War axe           |    84 |    46 ||   130
       Punch             |     1 |       ||     1
  Use: Potion            |       |     1 ||     1
Armor: Scale mail        |    53 |    21 ||    74
Dodge: Dodged            |    55 |    18 ||    73
